AoeStats
← PALITOMAN

Pilgrims

508972286Analyzed
4v4 RM · 8d ago on Sep 24, 2026· 16m 15s· 8 players
Game mode
Random Map
Map size
Large (8 player)
Population
200
Speed
Normal
Resources
Standard
Victory
Conquest
Starting age
Dark Age
Ending age
Imperial Age
RankedLock teamsTeams togetherTeam positionsShared explorationLock speedFull tech treeHidden civsTurbo modeCheats
Victory
Defeat
🇦🇷 Tupi · Argentina
1171
+14
🇨🇴 Berbers · Colombia
1167
+14
🇪🇸 Danes · Spain
1135
+15
🇲🇽 Koreans · Mexico
1106
+17
🇺🇸 Bengalis · United States
1145
-16
🇩🇪 Sicilians · Germany
1131
-15
🇨🇦 Franks · Canada
1121
-15
🇵🇹 Armenians · Portugal
1094
-14
HotHardFatherDaddy
9:00 Loom
17:12 Feudal Age
CryZon
5:27 Loom
10:04 Feudal Age
eward17
3:38 Loom
14:38 Feudal Age
Zé Gui
9:35 Loom
12:09 Feudal Age
13:14 Double-Bit Axe
14:39 Man-at-Arms
15:22 Fishing Lines
17:56 Castle Age
15:43 Man-at-Arms
Rey de Copas
11:10 Feudal Age
12:44 Forging
18:49 Castle Age
Petrovisky
12:07 Feudal Age
12:39 Loom
13:16 Double-Bit Axe
14:11 Town Watch
16:02 Forging
18:49 Castle Age
PALITOMAN
5:20 Loom
10:53 Feudal Age
18:07 Castle Age
ELTRAVERO
5:15 Loom
10:32 Feudal Age
13:03 Double-Bit Axe
Connection lost

Rejoining the realm…

Still unreachable

The connection could not be restored.

Session expired

The server has moved on; the page needs a fresh start.